 Dungeon Crawl Stone Soup version 0.26.1-2-gb8aa6d0cf2 (webtiles) character file.

Game seed: 7251219492131292546

89 McKennaii the Skirmisher (level 4, -1/37 HPs)
             Began as a Demonspawn Monk on Feb 7, 2021.
             Was a Believer of Makhleb.
             Slain by Ijyb
             ... wielding a +6 club
              (3 damage)
             ... on level 3 of the Dungeon on Feb 8, 2021.
             The game lasted 00:03:59 (2083 turns).

McKennaii the Skirmisher (Demonspawn Monk)          Turns: 2083, Time: 00:04:00

Health: -1/37      AC:  8    Str: 13    XL:     4   Next: 31%
Magic:  4/4        EV:  6    Int: 11    God:    Makhleb [**....]
Gold:   170        SH:  0    Dex: 15    Spells: 3/3 levels left

rFire    . . .     SeeInvis .   a - +0 spear
rCold    . . .     Faith    .   (no shield)
rNeg     . . .     Spirit   .   c - +0 chain mail
rPois    .         Reflect  .   (no helmet)
rElec    .         Harm     .   (no cloak)
rCorr    .         Rampage  .   (no gloves)
Will     .....                  (no boots)
Stlth    ..........             (no amulet)
HPRegen  0.12/turn              (no ring)
MPRegen  0.09/turn              (no ring)

@: brilliant
A: powered by death 1
a: Renounce Religion, Minor Destruction


You were on level 3 of the Dungeon.
You worshipped Makhleb.
Makhleb was pleased with you.
You visited 1 branch of the dungeon, and saw 3 of its levels.

You collected 170 gold pieces.

Inventory:

Hand Weapons
 a - a +0 spear (weapon)
Armour
 c - a +0 chain mail (worn)
Scrolls
 b - 2 scrolls of immolation {unknown}
 f - a scroll of remove curse {unknown}
 g - a scroll of amnesia {unknown}
 j - 2 scrolls of identify {unknown}
 k - 4 scrolls of teleportation {unknown}
 l - a scroll of fear {unknown}
 n - a scroll of enchant armour {unknown}


   Skills:
 + Level 3.6 Fighting
 + Level 3.5 Polearms
 * Level 1.7 Armour
 - Level 2.7 Dodging
 + Level 1.9 Stealth
 * Level 0.5 Invocations


You had 3 spell levels left.
You didn't know any spells.
Your spell library was empty.

Dungeon Overview and Level Annotations

Branches:
Dungeon (3/15)

Altars:
Makhleb
Vehumet

Annotations:
D:3 Ijyb


Innate Abilities, Weirdness & Mutations

You regenerate a little health from kills.


Message History

Ijyb is almost dead.
Ijyb hits you but does no damage.
You hit Ijyb but do no damage.
Ijyb is almost dead.
Ijyb hits you but does no damage.
You hit Ijyb.
Ijyb is almost dead.
You barely miss Ijyb.
Ijyb is almost dead.
Ijyb hits you but does no damage.
You barely miss Ijyb.
Ijyb is almost dead.
You feel less wooden.
Your +0 chain mail unmelds from your body.
Ijyb zaps a wand.
The puff of flame hits you!
* * * LOW HITPOINT WARNING * * *
You hit Ijyb.
Ijyb is almost dead.
Ijyb hits you with a +6 club.
You die...

#.#.# #...#
##..# #..#
###..# #...>#
#.####
#.#########.#
#.......@g..#
#############


You could see Ijyb.

Vanquished Creatures
  2 adders (D:3)
  A worm (D:2)
  4 dart slugs (D:1)
  An orc (D:3)
  6 bats
  4 giant cockroaches
  6 goblins
  5 hobgoblins
  7 jackals
  8 kobolds
  A quokka (D:3)
  3 frilled lizards (D:1)
  5 rats
53 creatures vanquished.

Vanquished Creatures (others)
  A frilled lizard (D:2)
1 creature vanquished.

Grand Total: 54 creatures vanquished

Notes
Turn   | Place    | Note
-------+----------+-------------------------------------------
     0 | D:1      | McKennaii the Demonspawn Monk began the quest for the Orb.
     0 | D:1      | Reached XP level 1. HP: 18/18 MP: 1/1
   195 | D:1      | Gained mutation: You regenerate a little health from kills.
                  | [demonic ancestry]
   195 | D:1      | Reached XP level 2. HP: 24/24 MP: 2/2
   340 | D:1      | Reached XP level 3. HP: 29/29 MP: 3/3
   938 | D:2      | Found a radiant altar of Vehumet.
   988 | D:2      | Upgraded the game from 0.26.1 to 0.26.1-2-gb8aa6d0cf2
  1087 | D:2      | Reached skill level 1 in Armour
  1589 | D:2      | Found a burning altar of Makhleb.
  1594 | D:2      | Became a worshipper of Makhleb the Destroyer
  1594 | D:2      | Reached * piety under Makhleb
  1594 | D:2      | Reached ** piety under Makhleb
  1877 | D:3      | Reached XP level 4. HP: 37/37 MP: 4/4
  1996 | D:3      | Noticed Ijyb
  2083 | D:3      | Slain by Ijyb

Illustrated notes

Levels and vault maps discovered:
D:1:      minmay_arrival_solitary_statue, layout_basic, minmay_3d_cube
D:2:      layout_loops_ring, fiery_altar_vehumet, lightli_temple_of_fire,
          serial_bayou_lake_a
D:3:      layout_basic, serial_rivers, chequers_serial_rivers_micro_a,
          chequers_serial_rivers_micro_b, chequers_serial_rivers_small_b,
          chequers_serial_rivers_micro_c, chequers_serial_rivers_room_a,
          chequers_serial_rivers_micro_a, lemuel_flame_loot_1, uniq_ijyb,
          uniq_crazy_yiuf_cottage

Skill      XL: |  1  2  3 |
---------------+----------+-----
Polearms       | 3 |  3.5
Armour         | 1 |  1.7
Fighting       | |  3.6
Dodging        | |  2.7
Stealth        | |  1.9
Invocations    | |  0.5

Action                   |  1- 3 |  4- 6 || total
-------------------------+-------+-------++-------
Melee: Spear             |   209 |    78 ||   287
  Use: Potion            |       |     5 ||     5
 Stab: Sleeping          |     1 |       ||     1
Armor: Chain mail        |   105 |    14 ||   119
       Skin              |       |    31 ||    31
Dodge: Dodged            |    48 |    11 ||    59
